Map: Abiogenesis LE

Players

TheBigRedOne

  • Race: Zerg Zerg
  • League: Gold
  • Spawn Location: 11:00

Kozzy - Winner!

  • Race: Protoss Protoss
  • League: Gold
  • Spawn Location: 5:00

VOD

Have the link to the VOD?

Description

Time

  • Played on: April 7, 2018, 12:48 p.m.
  • Length: 5:47
Show
View Real Time Build Order
Export as new Build Order

TheBigRedOne Zerg 

Build Orders: Hatch First 

Get SALT Encoding   

  12  0:01  Drone  
  13  0:12  Overlord  
  13  0:17  Drone  
  14  0:31  Drone x2  
  16  0:41  Drone  
  17  0:45  Drone  
  18  0:56  Drone  
  19  1:07  Extractor, Hatchery  
  19  1:09  Drone  
  18  1:19  Drone  
  19  1:29  Drone  
  20  1:38  Spawning Pool  
  19  1:40  Drone  
  20  1:52  Overlord  
  20  2:01  Drone  
  21  2:11  Drone  
  22  2:21  Drone  
  23  2:23  Drone  
  23  2:25  Queen x2  
  23  2:28  Metabolic Boost  
  23  2:29  Zergling x2  
  29  2:35  Drone  
  30  2:41  Drone  
  31  2:50  Zergling x2  
  32  2:52  Drone  
  32  2:55  Drone  
  34  3:01  Overlord  
  34  3:02  Baneling Nest  
  34  3:04  Spine Crawler  
  32  3:12  Spore Crawler  
  31  3:14  Drone  
  31  3:15  Drone  
  31  3:16  Zergling x2  
  34  3:23  Spore Crawler  
  34  3:24  Drone  
  34  3:29  Drone  
  35  3:37  Drone x4  
  35  3:41  Drone x3  
  41  3:43  Zergling x2  
  43  3:49  Lair  
  43  3:51  Drone  
  43  4:07  Extractor, Overlord x3  
  42  4:18  Drone  
  42  4:19  Drone, Roach Warren  
  42  4:22  Extractor  
  42  4:23  Drone  
  43  4:25  Drone x2  
  43  4:31  Zergling x2  
  46  4:32  Baneling x2  
  46  4:33  Baneling  
  46  4:34  Drone  
  46  4:37  Hatchery  
  46  4:52  Drone x3  
  49  4:53  Drone x4  
  54  5:07  Zergling x4  
  54  5:10  Roach x2  
  59  5:21  Roach  
  57  5:22  Roach  
Show
View Real Time Build Order
Export as new Build Order

Kozzy Protoss - Winner!

Build Orders:  

Get SALT Encoding   

  12  0:01  Probe  
  13  0:13  Probe  
  14  0:21  Pylon  
  14  0:25  Probe  
  15  0:39  Probe (Chrono Boost)  
  15  0:41  Gateway  
  16  0:49  Assimilator  
  16  0:51  Probe (Chrono Boost)  
  17  1:00  Probe (Chrono Boost)  
  17  1:03  Assimilator  
  18  1:05  Probe  
  19  1:17  Probe  
  20  1:34  Cybernetics Core  
  20  1:45  Pylon  
  20  1:46  Probe  
  21  1:57  Zealot  
  23  2:14  Robotics Facility  
  23  2:15  Warp Gate  
  23  2:16  Pylon  
  23  2:22  Gateway  
  23  2:37  Pylon, Probe  
  24  2:50  Gateway  
  24  3:03  Immortal (Chrono Boost)  
  28  3:15  Stalker  
  30  3:32  Immortal (Chrono Boost)  
  30  3:41  Zealot  
  36  3:46  Pylon  
  36  4:19  Immortal (Chrono Boost)  
  36  4:22  Zealot x2  
  44  4:28  Pylon  
  44  4:47  Zealot x3  
  50  5:01  Immortal  
Tags
 
League
GoldGold
Matchup
PvZ
Spawn Locations
Cross Positions
Add a new tag
Caveats
  • Supply blocks, unpowered buildings, or Contaminate may cause inaccurate times.
  • Supply counts are checked every 10 seconds.